 Dungeon Crawl Stone Soup version 0.24.0-13-gcf9b319 (webtiles) character file.

Game seed: 16442560717218154343, levelgen mode: deterministic

222 Balder the Poker (level 5, -1/42 HPs)
             Began as a Merfolk Fighter on Apr 19, 2020.
             Slain by an orc
             ... wielding a +0 spear of venom
              (2 damage)
             ... on level 3 of the Dungeon.
             The game lasted 00:12:06 (2457 turns).

Balder the Poker (Merfolk Fighter)                  Turns: 2457, Time: 00:12:07

Health: -1/42      AC: 10    Str: 17    XL:     5   Next: 99%
Magic:  5/5        EV:  5    Int:  7    God:
Gold:   136        SH:  9    Dex: 16    Spells: 4/4 levels left

rFire    . . .     SeeInvis .   a - +0 trident
rCold    + . .     Gourm    .   c - +0 shield
rNeg     . . .     Faith    .   p - +0 chain mail
rPois    .         Spirit   .   (no helmet)
rElec    .         Reflect  .   q - +0 cloak
rCorr    .         Harm     .   (no gloves)
MR       .....                  (no boots)
Stlth    ..........             (no amulet)
HPRegen  0.14/turn              t - +2 ring of dexterity
MPRegen  0.09/turn              r - ring of protection from cold

@: lethally poisoned (-1 -> -18)
A: change form in water, swift swim, stealthy swim
a: no special abilities


You were on level 3 of the Dungeon.
You were not hungry.

You visited 1 branch of the dungeon, and saw 3 of its levels.

You collected 136 gold pieces.

Inventory:

Hand Weapons
 a - a +0 trident (weapon)
 b - a +3 short sword
Missiles
 e - 49 sling bullets
 h - 55 bolts
 i - a boomerang (quivered)
 k - 8 curare-tipped darts
Armour
 c - a +0 shield (worn)
 p - a +0 chain mail (worn)
 q - a +0 cloak (worn)
Jewellery
 r - a ring of protection from cold (right hand)
 t - a +2 ring of dexterity (left hand)
Wands
 n - a wand of iceblast (8)
Scrolls
 g - 2 scrolls of identify
 o - a scroll of enchant armour {unknown}
Potions
 d - a potion of might
 m - a potion of lignification
Comestibles
 f - 8 rations
 j - 4 chunks of flesh


   Skills:
 * Level 3.9 Fighting
 * Level 4.8 Polearms
 * Level 2.1 Throwing
 + Level 2.5 Armour
 * Level 2.0 Dodging
 * Level 2.0 Stealth
 * Level 3.6 Shields


You had 4 spell levels left.
You didn't know any spells.
Your spell library was empty.

Dungeon Overview and Level Annotations

Branches:
Dungeon (3/15)

Altars:
Cheibriados
Elyvilon
Hepliaklqana
Qazlal
Xom
Zin


Message History

The orc hits you but does no damage.
You are more poisoned.
The goblin hits you but does no damage.
You hit the goblin.
You kill the goblin!
* * * LOW HITPOINT WARNING * * *
You feel sick. The orc hits you but does no damage.
It was a potion of cancellation.
Your magical effects are unravelling.
You feel magically purged.
You feel less wooden.
Your +0 cloak unmelds from your body.
Your +0 chain mail unmelds from your body.
* * * LOW HITPOINT WARNING * * *
You feel sick. The orc barely misses you.
Unknown command.
* * * LOW HITPOINT WARNING * * *
You feel sick.
The orc hits you with a +0 spear of venom.
You die...

... .# ... .#
... .# ... ##
##.## ...
...######...#
... #..........#
... #.
#.....).##
...####.
#...)....#
.)##....
##..##@##..#
####....
#..##o..## #
......#
#..#a###.#
#...###).#.....#
#.....)..#.###.#
#
#....###.##o(.##
# #....#
#..##(## #....#
##...o...#
##....#
#####g@.#


You could see a worker ant and an orc.

Vanquished Creatures
  An orc wizard (D:3)
  Jessica (D:3)
  Ijyb (D:3)
  5 adders
  An ooze (D:2)
  6 worms
  2 dart slugs
  3 leopard geckos
  4 orcs (D:3)
  2 giant cockroaches
  8 goblins
  9 hobgoblins
  5 jackals
  6 kobolds
  5 bats
  3 frilled lizards
  5 rats
67 creatures vanquished.

Notes
Turn   | Place    | Note
-------+----------+-------------------------------------------
     0 | D:1      | Balder the Merfolk Fighter began the quest for the Orb.
     0 | D:1      | Reached XP level 1. HP: 18/18 MP: 1/1
   131 | D:1      | Reached XP level 2. HP: 24/24 MP: 2/2
   506 | D:1      | Reached XP level 3. HP: 29/29 MP: 3/3
   914 | D:2      | Reached skill level 1 in Throwing
  1022 | D:2      | Reached skill level 1 in Stealth
  1040 | D:2      | Reached skill level 1 in Dodging
  1191 | D:2      | Reached XP level 4. HP: 35/35 MP: 4/4
  1209 | D:2      | Found a white marble altar of Elyvilon.
  1280 | D:2      | Found a snail-covered altar of Cheibriados.
  1723 | D:2      | Reached skill level 4 in Polearms
  1892 | D:3      | Reached XP level 5. HP: 26/42 MP: 5/5
  2074 | D:3      | Found a stormy altar of Qazlal.
  2075 | D:3      | Found a hazy altar of Hepliaklqana.
  2192 | D:3      | Found a glowing golden altar of the Shining One.
  2194 | D:3      | Found an ornate altar of the Wu Jian Council.
  2194 | D:3      | Found an ornate altar of the Wu Jian Council.
  2196 | D:3      | Found a stormy altar of Qazlal.
  2196 | D:3      | Found a blossoming altar of Fedhas.
  2196 | D:3      | Found a shimmering altar of Xom.
  2249 | D:3      | Noticed Ijyb
  2267 | D:3      | Killed Ijyb
  2279 | D:3      | Found a glowing silver altar of Zin.
  2430 | D:3      | Noticed Jessica
  2445 | D:3      | Killed Jessica
  2457 | D:3      | HP: 1/42 [poisoned by an orc]
  2457 | D:3      | Slain by an orc

Levels and vault maps discovered:
D:1:      minmay_arrival_three_doors, layout_basic, grunt_decor_cap,
          minmay_domino_2
D:2:      layout_loops_ring, elyvilon_altar_1, cheibriados_altar_1
D:3:      layout_rooms, lemuel_doored_altar, doesnt_xom_only_xom,
          nicolae_overflow_hidden_temple, first_ration, minmay_checkerbox,
          uniq_jessica, uniq_ijyb

Skill      XL: |  1  2  3  4  5 |
---------------+----------------+-----
Throwing       | 1 2 |  2.1
Stealth        | 1 2 |  2.0
Dodging        | 1 2 |  2.0
Polearms       | 4 |  4.8
Fighting       | |  3.9
Armour         | |  2.5
Shields        | |  3.6

Action                   |  1- 3 |  4- 6 || total
-------------------------+-------+-------++-------
Melee: Trident           |    94 |   157 ||   251
Throw: Boomerang         |    47 |    30 ||    77
  Use: Potion            |     1 |     5 ||     6
       Scroll            |       |     3 ||     3
  Eat: Chunk             |     1 |     4 ||     5
Armor: Scale mail        |    39 |       ||    39
       Chain mail        |       |    70 ||    70
       Skin              |       |     6 ||     6
Dodge: Dodged            |    19 |    30 ||    49
Block: Shield            |    44 |    71 ||   115
